 Dungeon Crawl Stone Soup version 0.31-a0-806-g0bc164a743 (webtiles) character file.

Game seed: 8391507940514617639

2 Bravepunisher the Ducker (level 1, -1/11 HPs)
             Began as a Spriggan Monk on Sept 20, 2023.
             Slain by a hound (2 damage)
             ... on level 5 of the Dungeon.
             The game lasted 00:04:02 (728 turns).

Bravepunisher the Ducker (Spriggan Monk)             Turns: 728, Time: 00:04:03

Health: -1/11      AC:  2    Str:  7    XL:     1   Next: 33%
Magic:  2/2        EV: 18    Int: 11    God:
Gold:   66         SH:  0    Dex: 17    Spells: 0/0 levels left

rFire   + . .        a - +0 short sword
rCold   . . .        (no shield)
rNeg    . . .        f - +0 robe {rF+}
rPois   .            (helmet restricted)
rElec   .            (no cloak)
rCorr   .            (gloves unavailable)
SInv    +            (boots unavailable)
Will    .....        (no amulet)
Stlth   ++           (no ring)
HPRegen 0.21/turn    (no ring)
MPRegen 0.08/turn

%: no passive effects
@: very quick
A: very small, no large weapons, unfitting armour, see invisible, speed 3
a: no special abilities


You were on level 5 of the Dungeon.
You visited 1 branch of the dungeon, and saw 7 of its levels.

You collected 66 gold pieces.

Inventory:

Hand Weapons
 a - a +0 short sword (weapon)
Armour
 b - a +0 robe
 f - a +0 robe of fire resistance (worn)
Scrolls
 d - a scroll of enchant armour {unknown}
 e - a scroll of amnesia {unknown}
Potions
 c - a potion of ambrosia


   Skills:
 * Level 2.5 Fighting
 - Level 3.2 Short Blades
 + Level 4.1 Dodging


You couldn't memorise any spells.
You didn't know any spells.
Your spell library was empty.

Dungeon Overview and Level Annotations

Branches:
Dungeon (7/15)
 Temple: D:4-7

Altars:

Shops:
D:7 *


Innate Abilities, Weirdness & Mutations

You are very small and have problems with some larger weapons.
You are too small for most types of armour.
You have supernaturally acute eyesight. (SInv)
You cover ground extremely quickly. (Speed+++)


Message History

You hit the hound.
The hound is heavily wounded.
The hound completely misses you. The hound misses you.
The hound closely misses you. The hound completely misses you.
You hit the hound but do no damage.
The hound is moderately wounded.
The hound bites you. The hound barely misses you.
You hit the hound.
The hound is almost dead.
The hound bites you.
* * * LOW HITPOINT WARNING * * *
The hound misses you.
You hit the hound but do no damage.
The hound is moderately wounded.
The hound closely misses you. The hound bites you but does no damage.
The hound misses you. The hound barely misses you.
You hit the hound.
The hound is almost dead.
The hound barely misses you. The hound closely misses you.
You hit the hound but do no damage.
The hound is moderately wounded.
The hound barely misses you. The hound closely misses you.
You completely miss the hound.
The hound is almost dead.
The hound barely misses you. The hound misses you.
The hound completely misses you.
You hit the hound but do no damage.
The hound is moderately wounded.
The hound closely misses you. The hound bites you.
* * * LOW HITPOINT WARNING * * *
The hound bites you but does no damage.
You barely miss the hound.
The hound is almost dead.
The hound barely misses you. The hound closely misses you.
The gnoll misses you.
You closely miss the hound.
The hound is moderately wounded.
The hound completely misses you. The hound misses you. The gnoll misses you.
The hound bites you.
You die...

#..#.#..... #.#.#.#
#..#.#..... #.....#
.......h... ####.####
...#.#..... #.......#
...#.#..... #.##.##.#
.....# ## # #.##.##.#
..h############.##.##.#
...#.$.......##.##.##.#
.###.#.##.##.##h@hw...#
.....#.##.##.#####g####
.##>.#....##.#####.#
.##.)#.##...hhw....#
....!....>...#######
.##.......####
.##.####### ....# #####


You could see 2 hounds, a gnoll and a dart slug.

Vanquished Creatures
  A bat (D:3)
  An endoplasm (D:2)
2 creatures vanquished.

Notes
Turn   | Place    | Note
-------+----------+-------------------------------------------
     0 | D:1      | Bravepunisher the Spriggan Monk began the quest for the
                  | Orb.
     0 | D:1      | Reached XP level 1. HP: 11/11 MP: 2/2
   149 | D:4      | Noticed a black bear
   153 | D:4      | Noticed a scorpion
   240 | D:5      | Entered Level 5 of the Dungeon
   240 | D:5      | Noticed a water moccasin
   242 | D:5      | Noticed a hound
   249 | D:5      | Noticed an iguana
   413 | D:5      | Noticed a scorpion
   451 | D:5      | Noticed a water moccasin
   473 | D:5      | Noticed an iguana
   516 | D:6      | Noticed a hound
   526 | D:7      | Noticed an iguana
   530 | D:7      | Noticed a bullfrog
   535 | D:7      | Found Ytwoqa's General Store.
   549 | D:6      | Noticed an iguana
   608 | D:6      | Noticed an iguana
   666 | D:5      | Noticed a hound
   666 | D:5      | Noticed a hound
   728 | D:5      | Slain by a hound

Illustrated notes

Levels and vault maps discovered:
D:1:      dreamdust_arrival_beginning_and_end, layout_basic
D:2:      kennysheep_big_flooded_room, layout_loops_ring, minmay_close_crescents
D:3:      layout_basic, grunt_temple_overflow_open, gup_sewer_entry_spiral
D:4:      layout_cave_pools, nicolae_eternal_life, cheibrodos_gnoll_hut
D:5:      layout_loops_cross
D:6:      layout_loops_corners, minmay_temple_entry_hall
D:7:      minmay_slanted_spiral_squares, layout_cave_pools, lemuel_tele_altar,
          serial_shops, shop, fountainhead

Action                     || total
---------------------------++-------
  Melee: Short sword       ||    25
 Armour: Robe              ||    20
  Dodge: Dodged            ||    68

Table legend: (Time is in decaauts)
 A = Elapsed time spent in this place.
 B = Non-inter-level travel time spent in this place.
 C = Inter-level travel time spent in this place.
 D = Time resting spent in this place.
 E = Time spent auto-exploring this place.
 F = Levels seen in this place.
 G = Mean time per level.
                   A        B        C        D        E       F      G
               +--------+--------+--------+--------+--------+-----+--------+
         Total |    477 |    471 |      6 |      0 |     96 |   7 |   68.1 |
       Dungeon |    477 |    471 |      6 |      0 |     96 |   7 |   68.1 |
               +--------+--------+--------+--------+--------+-----+--------+

Top non-repeatable levels by time:
     D:5: 171 daAuts
     D:4: 101 daAuts
     D:6: 89 daAuts
     D:2: 66 daAuts
     D:3: 20 daAuts
     D:1: 18 daAuts
     D:7: 10 daAuts
